 Dungeon Crawl Stone Soup version 0.28.0-53-g5a82cb258f (webtiles) character file.

Game seed: 2230393019812801148

389 mcbry74 the Chopper (level 6, -2/52 HPs)
             Began as a Minotaur Fighter on July 12, 2022.
             Slain by Dowan
             ... wielding a +0 dagger
              (3 damage)
             ... on level 4 of the Dungeon.
             The game lasted 00:08:19 (2646 turns).

mcbry74 the Chopper (Minotaur Fighter)              Turns: 2646, Time: 00:08:20

Health: -2/52      AC: 12    Str: 20    XL:     6   Next: 50%
Magic:  5/5        EV:  7    Int:  7    God:
Gold:   32         SH:  4    Dex: 10    Spells: 5/5 levels left

rFire   . . .      SeeInvis .   a - +2 war axe
rCold   . . .      Faith    .   c - +0 buckler
rNeg    . . .      Spirit   .   m - +0 chain mail
rPois   .          Reflect  .   (helmet restricted)
rElec   .          Harm     .   p - +0 cloak
rCorr   .          Rampage  .   s - +0 pair of gloves
Will    .....                   (no boots)
Stlth   ..........              (no amulet)
HPRegen 0.17/turn               (no ring)
MPRegen 0.09/turn               (no ring)

@: no status effects
A: horns 2, retaliatory headbutt
a: no special abilities


You were on level 4 of the Dungeon.
You visited 1 branch of the dungeon, and saw 4 of its levels.

You collected 92 gold pieces.
You spent 60 gold pieces at shops.

Inventory:

Hand Weapons
 a - a +2 war axe (weapon)
 l - a +1 mace of draining
Missiles
 o - 70 stones (quivered)
Armour
 c - a +0 buckler (worn)
 m - a +0 chain mail (worn)
 p - a +0 cloak (worn)
 s - a +0 pair of gloves (worn)
Jewellery
 i - an amulet of the acrobat
Scrolls
 b - a scroll of teleportation {unknown}
 h - 2 scrolls of immolation
Potions
 d - a potion of might
 g - 2 potions of curing
 j - a potion of berserk rage
 k - a potion of invisibility {unknown}
 q - a potion of attraction {unknown}


   Skills:
 - Level 4.0 Fighting
 * Level 6.7 Axes
 + Level 5.7 Armour
 - Level 4.0 Shields


You had 5 spell levels left.
You didn't know any spells.
Your spell library contained the following spells:

 Spells                   Type           Power      Damage    Failure   Level
 Sublimation of Blood     Necr           0%         N/A       100%        2
 Ignite Poison            Fire/Tmut/Pois 0%         N/A       100%        3
 Mephitic Cloud           Conj/Pois/Air  0%         N/A       100%        3
 Petrify                  Tmut/Erth      0%         N/A       100%        4
 Freezing Cloud           Conj/Ice/Air   0%         6-21      100%        5
 Irradiate                Conj/Tmut      0%         3d13      100%        5


Dungeon Overview and Level Annotations

Branches:
Dungeon (4/15)
 Temple: D:4-7

Altars:

Shops:
D:3 *

Annotations:
D:4 Dowan


Innate Abilities, Weirdness & Mutations

You have a pair of horns on your head.
You reflexively headbutt those who attack you in melee.


Message History

You hit the water moccasin skeleton but do no damage.
You headbutt the water moccasin skeleton!
The water moccasin skeleton is almost destroyed.
The water moccasin skeleton barely misses you.
You furiously retaliate!
You headbutt the water moccasin skeleton!
You destroy the water moccasin skeleton!
Dowan hits you but does no damage.
You slash Dowan!
Dowan is severely wounded.
Dowan drinks a potion.
Dowan is healed!
You miss Dowan.
Dowan is moderately wounded.
Dowan barely misses you. Dowan closely misses you.
You hit Dowan.
Dowan is moderately wounded.
Dowan barely misses you. Dowan hits you but does no damage.
You barely miss Dowan.
Dowan is moderately wounded.
Dowan hits you but does no damage. x2
You closely miss Dowan.
Dowan is moderately wounded.
You block Dowan's attack.
You barely miss Dowan.
Dowan is moderately wounded.
Dowan hits you with a +0 dagger. Dowan hits you but does no damage.
You slash Dowan!
Dowan is severely wounded.
Dowan gestures wildly while chanting.
Dowan blinks!
Dowan gestures at you while chanting. The shard of ice hits you!
* * * LOW HITPOINT WARNING * * *
Dowan gestures at you while chanting. The shard of ice hits you!
* * * LOW HITPOINT WARNING * * *
You hit Dowan.
Dowan is almost dead.
Dowan hits you with a +0 dagger.
You die...

≈♣≈ #.#.#.# ≈
#.#.#.#
..#.#.###
#####.....#
#.........# ...
♣###.#.....#....
♣..........'....
P###.e..)..##...
#.#@....#
...#.....#
♣.######..## .
..... ######


You could see Dowan (fast).

Vanquished Creatures
  Duvessa (D:4)
  A water moccasin skeleton (D:4)
  A hound (D:4)
  An orc priest (D:4)
  Terence (D:2)
  An orc wizard (D:4)
  8 adders
  A dart slug (D:2)
  4 orcs
  An endoplasm (D:1)
  2 giant cockroaches
  10 goblins
  5 hobgoblins
  5 quokkas
  4 ball pythons
  2 bats
  A frilled lizard (D:1)
  8 kobolds
  4 rats
61 creatures vanquished.

Vanquished Creatures (others)
  A plant (D:4)
1 creature vanquished.

Grand Total: 62 creatures vanquished

Notes
Turn   | Place    | Note
-------+----------+-------------------------------------------
     0 | D:1      | mcbry74 the Minotaur Fighter began the quest for the Orb.
     0 | D:1      | Reached XP level 1. HP: 19/19 MP: 0/0
   238 | D:1      | Reached XP level 2. HP: 27/27 MP: 1/1
   431 | D:1      | Reached skill level 3 in Axes
   729 | D:2      | Reached XP level 3. HP: 29/33 MP: 2/2
   842 | D:2      | Noticed Terence
   863 | D:2      | Killed Terence
   864 | D:2      | Reached skill level 4 in Axes
   950 | D:2      | Reached XP level 4. HP: 40/40 MP: 3/3
  1305 | D:2      | Found a faded altar of an unknown god.
  2103 | D:3      | Found Kocw's General Store.
  2112 | D:3      | Reached skill level 5 in Axes
  2112 | D:3      | Reached XP level 5. HP: 46/46 MP: 4/4
  2211 | D:3      | Bought a scroll of identify for 24 gold pieces
  2211 | D:3      | Bought a potion of curing for 36 gold pieces
  2302 | D:4      | Reached skill level 5 in Armour
  2619 | D:4      | Noticed Duvessa
  2620 | D:4      | Noticed Dowan
  2629 | D:4      | Killed Duvessa
  2630 | D:4      | Reached skill level 6 in Axes
  2630 | D:4      | Reached XP level 6. HP: 30/52 MP: 5/5
  2645 | D:4      | HP: 1/52 [Dowan/shard of ice (11)]
  2646 | D:4      | Slain by Dowan

Illustrated notes

Levels and vault maps discovered:
D:1:      erik_arrival_cave_to_civilisation [erik_arrival_cave_to_temple],
          layout_basic
D:2:      layout_loops_cross, shapermc_ecumenical_altar_totnotflames,
          grunt_ministairs_1, uniq_terence
D:3:      layout_rooms, serial_shops, nicolae_shop_stone,
          nicolae_figureground_pulse
D:4:      layout_basic, old_standard_altar, temple_doors_cd,
          serial_bayou_lake_a, uniq_crazy_yiuf_cottage, uniq_duvessa

Skill      XL: |  1  2  3  4  5 |
---------------+----------------+-----
Axes           | 3 4 5 6 |  6.7
Fighting       | 4 |  4.0
Armour         | 4 5 |  5.7
Shields        | 4 |  4.0

Action                   |  1- 3 |  4- 6 || total
-------------------------+-------+-------++-------
Melee: War axe           |    56 |    97 ||   153
       Headbutt          |    12 |     8 ||    20
  Use: Scroll            |       |     8 ||     8
Armor: Scale mail        |    26 |       ||    26
       Chain mail        |     3 |    65 ||    68
Dodge: Dodged            |    27 |    36 ||    63
Block: Buckler           |    18 |    24 ||    42
